 Dungeon Crawl Stone Soup version 0.30.0-29-ga12c61a403 (webtiles) character file.

Game seed: 6817708708227375090

4677 Fodor the Protected (level 10, -5/86 HPs)
             Began as a Minotaur Fighter on June 14, 2023.
             Was an Initiate of Gozag.
             Blown up by Amaemon (9 damage)
             ... with a mindburst bolt
             ... on level 8 of the Dungeon.
             The game lasted 00:37:13 (9326 turns).

Fodor the Protected (Minotaur Fighter)              Turns: 9326, Time: 00:37:13

Health: -5/86      AC: 12    Str: 23    XL:     10   Next: 21%
Magic:  9/9        EV: 25    Int: 11    God:    Gozag
Gold:   1187       SH:  5    Dex: 12    Spells: 9/9 levels left

rFire   . . .        x - +7 Throatcutter {drain, coup de grace}
rCold   . . .        c - +0 buckler
rNeg    . . .        u - +0 chain mail
rPois   .            (helmet restricted)
rElec   .            (no cloak)
rCorr   .            (no gloves)
SInv    .            (no boots)
Will    .....        s - amulet of the acrobat Stlth
                     a - +6 ring of intelligence
HPRegen 0.34/turn    (no ring)
MPRegen 0.11/turn

%: acrobat
@: lethally poisoned (-5 -> -7), acrobatic, slowed, very slow
A: horns 2, retaliatory headbutt
a: Renounce Religion, Potion Petition, Call Merchant, Bribe Branch


You were on level 8 of the Dungeon.
You worshipped Gozag.
Gozag was most pleased with you.
You visited 1 branch of the dungeon, and saw 8 of its levels.

You collected 1240 gold pieces.
You paid 53 gold pieces to Gozag.

Inventory:

Hand Weapons
 j - a +4 great sword
 k - a +3 vampiric dagger
 r - a +0 sling
 x - the +7 Throatcutter (weapon) {drain, coup de grace}
   (You found it on level 4 of the Dungeon)
Missiles
 h - 18 boomerangs
 i - 45 stones
 l - a throwing net
 w - 20 poisoned darts
Armour
 c - a +0 buckler (worn)
 u - a +0 chain mail (worn)
Jewellery
 a - a +6 ring of intelligence (left hand)
 m - an amulet of guardian spirit
 s - an amulet of the acrobat (around neck)
Wands
 d - a wand of iceblast (12)
 f - a wand of flame (2) (quivered)
 z - a wand of mindburst (3)
Scrolls
 e - 8 scrolls of teleportation
 g - a scroll of fear
 n - a scroll of immolation
 o - a scroll of enchant weapon
 t - a scroll of vulnerability {unknown}
 v - 2 scrolls of brand weapon {unknown}
 y - 2 scrolls of amnesia
 B - a scroll of poison
Potions
 b - 2 potions of resistance {unknown}
 p - 2 potions of degeneration {unknown}
 q - 5 potions of curing {unknown}
 A - 2 potions of cancellation {unknown}
 C - 2 potions of heal wounds
 D - 2 potions of berserk rage {unknown}
 E - a potion of lignification {unknown}


   Skills:
 + Level 7.3 Fighting
 + Level 4.2(7.0) Short Blades
 + Level 9.5(10.0) Long Blades
 + Level 11.2 Armour
 + Level 3.6 Dodging
 + Level 1.8 Stealth
 + Level 6.4 Shields
 + Level 1.4 Evocations


You had 9 spell levels left.
You didn't know any spells.
Your spell library contained the following spells:

 Spells                   Type           Power      Damage    Failure   Level
 Beastly Appendage        Tmut           0%         N/A       88%         1
 Sublimation of Blood     Necr           0%         N/A       95%         2
 Wereblood                Tmut           0%         N/A       95%         2
 Hailstorm                Conj/Ice       0%         3d3       99%         3
 Spider Form              Tmut/Pois      0%         N/A       99%         3
 Ice Form                 Ice/Tmut       0%         N/A       100%        4
 Petrify                  Tmut/Erth      0%         N/A       100%        4
 Irradiate                Conj/Tmut      0%         3d11      100%        5
 Simulacrum               Ice/Necr       Unusable   N/A       N/A         6

Dungeon Overview and Level Annotations

Branches:
Dungeon (8/15)             Temple (0/1) D:7
   Lair: D:8-11

Altars:
Fedhas
Gozag
Hepliaklqana
Kikubaaqudgha
Makhleb
Ru
Sif Muna
Zin
The Shining One

Annotations:
D:8 Amaemon


Innate Abilities, Weirdness & Mutations

You have a pair of horns on your head.
You reflexively headbutt those who attack you in melee.


Message History

You barely miss Amaemon.
Amaemon hits you with a -1 demon whip of venom.
Amaemon claws you but does no damage.
Amaemon tail-slaps you but does no damage.
The orange demon stings you! The orange demon barely misses you.
You hit Amaemon but do no damage. You drain Amaemon. You headbutt Amaemon.
Amaemon is lightly wounded.
Amaemon barely misses you. You furiously retaliate!
You headbutt Amaemon! You block Amaemon's attack.
Amaemon tail-slaps you but does no damage.
The orange demon stings you.
You are poisoned.
You have difficulty breathing.
You feel yourself slow down. The orange demon barely misses you.
You hit Amaemon.
Amaemon is moderately wounded.
You feel very sick. You block Amaemon's attack.
Amaemon claws you but does no damage.
Amaemon tail-slaps you but does no damage.
The orange demon barely misses you.
The orange demon hits you but does no damage.
You block Amaemon's attack. Amaemon claws you but does no damage.
You block Amaemon's attack.
The orange demon stings you but does no damage.
The orange demon hits you but does no damage.
The orange demon attacks as you move away!
The orange demon stings you. The orange demon closely misses you.
You feel very sick.
The orange demon no longer looks unusually toxic.
Amaemon closely misses you. Amaemon misses you. Amaemon barely misses you.
The orange demon misses you.
You feel sick.
Amaemon zaps a wand.
Your mind is blasted!
* * * LOW HITPOINT WARNING * * *
The orange demon stings you but does no damage.
You feel sick. Amaemon attacks as you move away! Amaemon misses you.
Amaemon claws you.
* * * LOW HITPOINT WARNING * * *
Amaemon completely misses you.
You feel sick.
Amaemon zaps a wand.
You struggle to resist.
Amaemon zaps a wand.
Your mind is blasted!
You die...

...........................#
######.....................#
.....#.....................#
.....#.....................#
.....#.....................#
.....#.....#################
.....##'####..............#
))....#...........4.......#
.)....#.........@.6.......#
......#...........##......#
#######+####......##......#
...........#..............#
...........#..............#
...........######+##......#
...?...............###.####
.....................#^#
###'##...............# #


You could see Amaemon (drained) and an orange demon.

Vanquished Creatures
  Pikel (D:7)
  Prince Ribbit (D:7)
  Sigmund (D:2)
  A steam dragon (D:6)
  Menkaure (D:6)
  2 water moccasins
  Duvessa (D:7)
  An orc warrior (D:8)
  3 sky beasts (D:7)
  An ogre (D:5)
  A centaur (D:8)
  2 lemures (D:7)
  3 phantoms
  2 kobold brigands (D:4)
  A gnoll sergeant (D:8)
  5 bullfrogs
  3 scorpions
  13 wights
  Dowan (D:7)
  5 killer bees (D:8)
  A howler monkey (D:8)
  A gnoll bouda (D:7)
  3 jellies
  4 orc priests
  4 hounds
  2 iguanas
  7 orc wizards
  Robin (D:2)
  15 gnolls
  3 adders
  A shadow imp (D:6)
  A white imp (D:7)
  A worm (D:3)
  2 dart slugs
  16 orcs
  7 bats
  8 endoplasms
  2 giant cockroaches
  10 goblins
  10 hobgoblins
  11 jackals
  4 quokkas
  4 ball pythons
  5 frilled lizards
  9 kobolds
  A rat (D:2)
182 creatures vanquished.

Notes
Turn   | Place    | Note
-------+----------+-------------------------------------------
     0 | D:1      | Fodor the Minotaur Fighter began the quest for the Orb.
     0 | D:1      | Reached XP level 1. HP: 19/19 MP: 0/0
   211 | D:1      | Reached XP level 2. HP: 27/27 MP: 1/1
   322 | D:1      | Found a faded altar of an unknown god.
   589 | D:1      | Reached skill level 4 in Armour
  1300 | D:2      | Found a blossoming altar of Fedhas.
  1503 | D:2      | Noticed Robin
  1513 | D:2      | Reached XP level 3. HP: 23/33 MP: 2/2
  1530 | D:2      | Reached XP level 4. HP: 21/40 MP: 3/3
  1538 | D:2      | Killed Robin
  1651 | D:2      | Noticed Sigmund
  1666 | D:2      | Killed Sigmund
  1667 | D:2      | Reached skill level 1 in Short Blades
  1667 | D:2      | Reached skill level 5 in Armour
  1667 | D:2      | Reached skill level 1 in Dodging
  1667 | D:2      | Reached XP level 5. HP: 24/46 MP: 4/4
  2550 | D:3      | Reached XP level 6. HP: 49/53 MP: 5/5
  3678 | D:4      | Found the +7 Throatcutter {drain, coup de grace}
  3694 | D:4      | Reached skill level 6 in Armour
  3694 | D:4      | Reached skill level 5 in Shields
  3708 | D:4      | Reached XP level 7. HP: 40/60 MP: 6/6
  4320 | D:4      | Found a glowing golden altar of the Shining One.
  4327 | D:4      | Found a shimmering blue altar of Sif Muna.
  4332 | D:4      | Found a glowing silver altar of Zin.
  4338 | D:4      | Found an opulent altar of Gozag.
  4358 | D:4      | Became a worshipper of Gozag Ym Sagoz the Greedy
  4737 | D:5      | Entered Level 5 of the Dungeon
  4964 | D:5      | Reached skill level 5 in Fighting
  4965 | D:5      | Reached skill level 7 in Armour
  5298 | D:5      | Reached XP level 8. HP: 41/68 MP: 7/7
  5681 | D:6      | Reached skill level 1 in Evocations
  5831 | D:6      | Found a burning altar of Makhleb.
  6054 | D:6      | Reached skill level 5 in Long Blades
  6163 | D:6      | Noticed Menkaure
  6169 | D:6      | Killed Menkaure
  6170 | D:6      | Reached skill level 8 in Armour
  6572 | D:7      | Reached skill level 9 in Armour
  6579 | D:7      | Reached XP level 9. HP: 73/75 MP: 8/8
  6722 | D:7      | Reached skill level 1 in Stealth
  6726 | D:7      | HP: 2/74 [wight/+4 great sword (12)]
  6991 | D:7      | Found a staircase to the Ecumenical Temple.
  7189 | D:7      | Noticed Duvessa
  7189 | D:7      | Noticed Dowan
  7193 | D:7      | Killed Dowan
  7196 | D:7      | Killed Duvessa
  7348 | D:7      | Noticed Prince Ribbit
  7355 | D:7      | Killed Prince Ribbit
  7459 | D:7      | Noticed Pikel
  7700 | D:7      | Killed Pikel
  7701 | D:7      | Reached skill level 10 in Armour
  7749 | D:7      | Found a sacrificial altar of Ru.
  7902 | D:7      | Found a hazy altar of Hepliaklqana.
  7904 | D:7      | Found an ancient bone altar of Kikubaaqudgha.
  8254 | D:8      | Reached XP level 10. HP: 28/80 MP: 9/9
  8646 | D:8      | Reached skill level 11 in Armour
  9315 | D:8      | Noticed Amaemon
  9315 | D:8      | Noticed an orange demon
  9326 | D:8      | HP: 4/86 [Amaemon/-1 demon whip of venom (1)]
  9326 | D:8      | Blown up by Amaemon

Illustrated notes

Levels and vault maps discovered:
D:1:      roderic_crop_circles_arrival_small, layout_loops_cross,
          shapermc_ecumenical_altar_mp_vishouse, serial_bayou_pond_a
D:2:      layout_basic, basic_altar, kennysheep_flooded_box, patterned_corridor,
          uniq_robin, uniq_sigmund
D:3:      layout_loops_ring
D:4:      minmay_chambers_of_twos, layout_layer_cave,
          grunt_temple_overflow_cloverleaf, kennysheep_another_room,
          dilly_guarded_unrand_throatcut
D:5:      layout_loops_ring
D:6:      layout_basic, makhleb_heckhound_becter, uniq_menkaure
D:7:      layout_basic, nicolae_ru_awakened_eye, jmf_multi_god_temple,
          minmay_temple_entry_arrows, uniq_prince_ribbit1, uniq_duvessa,
          uniq_pikel
D:8:      layout_gridville, ebering_dispersal_statue_hall, uniq_amaemon

Skill      XL: |  1  2  3  4  5  6  7  8  9 10 |
---------------+-------------------------------+-----
Armour         | 4 5 6 7 9 10 11 | 11.2
Long Blades    | 3 4 6 9 |  9.5
Shields        | 4 5 6 |  6.4
Fighting       | 4 5 6 7 |  7.3
Short Blades   | 1 2 3 4 |  4.2
Dodging        | 1 2 3 |  3.6
Evocations     | 1 |  1.4
Stealth        | 1 |  1.8

Action                     |  1- 3 |  4- 6 |  7- 9 | 10-12 || total
---------------------------+-------+-------+-------+-------++-------
  Melee: Long sword        |    27 |       |   163 |    61 ||   251
         Headbutt          |     6 |    30 |    31 |     4 ||    71
         Dagger            |    38 |   159 |     2 |       ||   199
  Evoke: Wand              |       |       |     6 |     3 ||     9
    Use: Scroll            |     3 |     2 |     4 |       ||     9
         Potion            |     2 |       |     1 |       ||     3
   Stab: Distracted        |       |       |     1 |       ||     1
 Armour: Scale mail        |    51 |    26 |       |       ||    77
         Chain mail        |       |    32 |    57 |    52 ||   141
  Dodge: Dodged            |    48 |    60 |   131 |    78 ||   317
  Block: Buckler           |    19 |    39 |    52 |    24 ||   134
